 Dungeon Crawl Stone Soup version 0.27.1-3-gb3d3a73c9e (webtiles) character file.

Game seed: 15923883719990702661

171 styxcanada the Covert (level 5, -1/26 HPs)
             Began as a Spriggan Brigand on Oct 14, 2021.
             Killed by divine providence
             ... invoked by an orc priest
              (11 damage)
             ... on level 4 of the Dungeon on Oct 15, 2021.
             The game lasted 00:13:11 (3380 turns).

styxcanada the Covert (Spriggan Brigand)            Turns: 3380, Time: 00:13:12

Health: -1/26      AC:  5    Str:  7    XL:     5   Next: 26%
Magic:  6/6        EV: 17    Int: 12    God:
Gold:   130        SH:  7    Dex: 18    Spells: 4/4 levels left

rFire    . . .     SeeInvis +   l - +1 dagger (venom)
rCold    . . .     Faith    .   t - +2 buckler
rNeg     . . .     Spirit   .   f - +2 robe {Will+}
rPois    .         Reflect  .   (helmet restricted)
rElec    .         Harm     .   c - +0 cloak
rCorr    .         Rampage  .   (gloves unavailable)
Will     +....                  (boots unavailable)
Stlth    ++++......             (no amulet)
HPRegen  0.08/turn              (no ring)
MPRegen  0.10/turn              (no ring)

@: very quick
A: very small, no large weapons, unfitting armour, see invisible, speed 3
a: no special abilities


You were on level 4 of the Dungeon.
You visited 1 branch of the dungeon, and saw 4 of its levels.

You collected 130 gold pieces.

Inventory:

Hand Weapons
 a - a +2 dagger
 g - a +0 hunting sling
 l - a +1 dagger of venom (weapon)
Missiles
 d - 7 poisoned darts
 e - 2 curare-tipped darts
 h - 11 atropa-tipped darts (quivered)
 n - 41 stones
 q - 42 sling bullets
Armour
 c - a +0 cloak (worn)
 f - a +2 robe of willpower (worn)
 t - a +2 buckler (worn)
Wands
 b - a wand of flame (13)
Scrolls
 j - a scroll of magic mapping
Potions
 i - 2 potions of haste
 k - a potion of curing
 m - a potion of heal wounds {unknown}
 r - 2 potions of mutation {unknown}
 s - 2 potions of berserk rage {unknown}


   Skills:
 * Level 1.9 Fighting
 + Level 2.6 Short Blades
 + Level 2.2 Throwing
 * Level 2.7 Dodging
 * Level 8.8 Stealth
 * Level 0.3 Shields


You had 4 spell levels left.
You didn't know any spells.
Your spell library was empty.

Dungeon Overview and Level Annotations

Branches:
Dungeon (4/15)
 Temple: D:4-7

Altars:


Innate Abilities, Weirdness & Mutations

You are very small and have problems with some larger weapons.
You are too small for most types of armour.
You have supernaturally acute eyesight. (SInv)
You cover ground extremely quickly. (Speed+++)


Message History

You throw an atropa-tipped dart.
The atropa-tipped dart hits the orc priest.
The orc priest appears confused.
The orc priest hits the orc with a +0 club!
The orc is killed!
The orc priest hits itself with a +0 club.
Throw: 13 darts (atropa)
Press: ? - help, Q - select action, (/) - cycle Shift-Dir - straight line, f/p - orc priest
Aim: an orc priest, wielding a +0 club (lightly wounded, confused, blind, 79% to hit, chance to blind on hit: 90%)
You throw an atropa-tipped dart.
The atropa-tipped dart hits the orc priest!
The orc priest appears confused.
The orc priest is lightly wounded.
Throw: 12 darts (atropa)
Press: ? - help, Q - select action, (/) - cycle Shift-Dir - straight line, f/p - orc priest
Aim: an orc priest, wielding a +0 club (lightly wounded, confused, blind, 79% to hit, chance to blind on hit: 91%)
You throw an atropa-tipped dart.
The atropa-tipped dart hits the orc priest.
The orc priest appears confused.
The orc priest is lightly wounded.
The orc priest mumbles some strange prayers to Beogh against you.
Beogh smites you!
Ouch! That really hurt!
You strike the helpless orc priest from behind!
You impale the orc priest!!
You kill the orc priest!
The orc closely misses you.
You barely miss the orc. You hit the orc.
The orc is poisoned.
The orc is moderately wounded.
You hit the orc but do no damage.
The orc looks as sick as possible!
The orc is moderately wounded.
The orc barely misses you.
The orc priest looks braver for a moment.
You hit the orc priest but do no damage.
The orc priest is poisoned.
You kill the orc!
The orc priest invokes the aid of Beogh against you.
Beogh smites you!
You die...

#######..[..# #........#
+.....#.....# #........#
#.....'.....# #........#
#.....#.....# #........#
#....##.....######).......#
#....#######.....(#+#####..
......'....#......#
......#....#....o.#
......#....#....@)#
......#...>#......#
......#....#......+
##...####..#......#
##...##############
.................
.................
.................
##.....##........


You could see an orc priest (very poisoned).

Vanquished Creatures
  2 orc priests
  3 adders
  An adder skeleton (D:4)
  A worm (D:2)
  3 dart slugs
  7 orcs
  10 bats
  5 endoplasms
  5 giant cockroaches
  6 goblins
  5 hobgoblins
  2 quokkas
  6 ball pythons
  7 frilled lizards
  6 kobolds
  3 rats
72 creatures vanquished.

Notes
Turn   | Place    | Note
-------+----------+-------------------------------------------
     0 | D:1      | styxcanada the Spriggan Brigand began the quest for the
                  | Orb.
     0 | D:1      | Reached XP level 1. HP: 10/10 MP: 2/2
    19 | D:1      | Reached skill level 6 in Stealth
    79 | D:1      | Reached XP level 2. HP: 12/14 MP: 3/3
   139 | D:1      | Found a faded altar of an unknown god.
   486 | D:1      | Reached skill level 7 in Stealth
   876 | D:1      | Reached XP level 3. HP: 18/18 MP: 4/4
  2124 | D:3      | Reached XP level 4. HP: 3/23 MP: 5/5
  2448 | D:3      | Reached skill level 8 in Stealth
  2557 | D:3      | Identified a scroll of acquirement
  2557 | D:3      | Acquired a +2 robe of willpower
  3307 | D:4      | Reached XP level 5. HP: 26/26 MP: 6/6
  3380 | D:4      | Killed from afar by an orc priest

Illustrated notes

Levels and vault maps discovered:
D:1:      heliophobic_arrival_henge, layout_basic,
          chequers_ecumenical_altar_simple_redux,
          hangedman_abyss_or_decor_lesser_grid, serial_bayou_pond_e,
          minmay_misc_feat_doors
D:2:      layout_basic, dk_noncrumbling_3, kennysheep_generic_room_3
D:3:      layout_basic, minmay_misc_feat_diagonals, nicolae_underground_beach
D:4:      layout_gridville, mainiacjoe_overflow_paths, hangedman_decor_points,
          minmay_distorted

Skill      XL: |  1  2  3  4 |
---------------+-------------+-----
Stealth        | 6 7 8 |  8.8
Dodging        | 2 |  2.7
Fighting       | |  1.9
Short Blades   | |  2.6
Throwing       | |  2.2
Shields        | |  0.3

Action                   |  1- 3 |  4- 6 || total
-------------------------+-------+-------++-------
Melee: Dagger            |   111 |    38 ||   149
Throw: Dart              |    14 |    10 ||    24
  Use: Scroll            |       |     7 ||     7
 Stab: Sleeping          |    22 |    11 ||    33
       Invisible         |       |     1 ||     1
Armor: Robe              |    19 |     3 ||    22
Dodge: Dodged            |    47 |    12 ||    59
Block: Buckler           |       |     4 ||     4
